 Dungeon Crawl Stone Soup version 0.30-b1-2-g02819fbbbe (webtiles) character file.

Game seed: 16795958023787086288

1190 Alarkh the Fighter (level 8, -22/69 HPs)
             Began as a Demonspawn Artificer on Nov 26, 2023.
             Was an Elder of Uskayaw.
             Annihilated by an ogre
             ... wielding a +0 giant club
              (24 damage)
             ... on level 7 of the Dungeon.
             The game lasted 00:08:12 (5891 turns).

Alarkh the Fighter (Demonspawn Artificer)           Turns: 5891, Time: 00:08:13

Health: -22/69     AC:  6    Str: 11    XL:     8   Next: 19%
Magic:  13/17      EV: 11    Int: 15    God:    Uskayaw [****..]
Gold:   236        SH:  0    Dex: 13    Spells: 7/7 levels left

rFire   . .          .
                       - Unarmed
rCold   . . .        (no shield)
rNeg    . . .        b - +0 leather armour
rPois   .            (no helmet)
rElec   .            u - +0 cloak
rCorr   .            (no gloves)
SInv    .            n - +1 pair of boots
Will    .....        l - amulet of the acrobat
Stlth   +            j - ring of magical power
HPRegen 0.31/turn    (no ring)
MPRegen 0.30/turn

%: acrobat, clarity
@: lethally poisoned (-22 -> -23)
A: claws 2, magic regeneration, clarity, weak 1
a: Renounce Religion, Stomp, Line Pass


You were on level 7 of the Dungeon.
You worshipped Uskayaw.
Uskayaw was noncommittal.
You visited 2 branches of the dungeon, and saw 8 of its levels.

You collected 291 gold pieces.
You spent 55 gold pieces at shops.

Inventory:

Missiles
 t - a throwing net
Armour
 b - a +0 leather armour (worn)
 n - a +1 pair of boots (worn)
 s - the +2 pair of gloves of Bitterness {rPois Int+2}
   (You found it on level 3 of the Dungeon)

   Int:       It affects your intelligence (+2).
   rPois:     It protects you from poison.
 u - a +0 cloak (worn)
Magical Staves
 p - a staff of poison
 D - a staff of cold
Jewellery
 j - a ring of magical power (left claw)
 l - an amulet of the acrobat (around neck)
 E - a ring of wizardry
Wands
 c - a wand of flame (31) (quivered)
 d - a wand of charming (15)
Scrolls
 a - 3 scrolls of immolation
 f - 2 scrolls of teleportation
 k - 3 scrolls of magic mapping
 r - a scroll of identify
 v - a scroll of vulnerability {unknown}
 x - 2 scrolls of enchant armour {unknown}
 y - a scroll of amnesia
 z - 3 scrolls of noise {unknown}
 A - a scroll of enchant weapon
Potions
 g - 3 potions of mutation
 h - 3 potions of cancellation
 i - a potion of flight
 m - 3 potions of ambrosia
 o - a potion of degeneration
 q - 3 potions of haste
 w - 2 potions of heal wounds
 B - a potion of curing
 C - a potion of brilliance {unknown}


   Skills:
 + Level 8.3 Fighting
 - Level 1.7 Armour
 - Level 0.8 Dodging
 - Level 0.8 Stealth
 - Level 4.5 Unarmed Combat
 - Level 3.0 Evocations


You had 7 spell levels left.
You didn't know any spells.
Your spell library contained the following spells:

 Spells                   Type           Power      Damage    Failure   Level
 Dazzling Flash           Conj/Hex       0%         N/A       71%         3
 Inner Flame              Hex/Fire       0%         N/A       71%         3
 Volatile Blastmotes      Fire/Tloc      0%         2d10      71%         3
 Cause Fear               Hex            0%         N/A       98%         4
 Flame Wave               Conj/Fire      0%         2d4       98%         4
 Iskenderun's Mystic Bla  Conj/Tloc      0%         2d3       98%         4
 Sticky Flame             Conj/Fire      0%         2d3       98%         4
 Starburst                Conj/Fire      0%         6d3       100%        6
 Dragon Form              Tmut           0%         N/A       100%        7
 Dragon's Call            Summ           0%         N/A       100%        9


Dungeon Overview and Level Annotations

Branches:
Dungeon (7/15)             Temple (1/1) D:5

Altars:
Ashenzari
Cheibriados
Dithmenos
Hepliaklqana
Kikubaaqudgha
Makhleb
Nemelex Xobeh
Ru
Trog
Uskayaw
Vehumet
Wu Jian
Xom
Yredelemnul

Shops:
D:1 (   D:3 (=   D:4 !   D:6 !


Innate Abilities, Weirdness & Mutations

You have very sharp fingernails.
You regenerate magic rapidly.
You possess an exceptional clarity of mind.
You are weak. (Str -2)


Message History

The helpless hound fails to defend itself.
You claw the hound!
You kill the hound!
You feel sick.
The ogre is no longer paralysed.
Uskayaw will force your foes to share their pain.
You claw the ogre!
The ogre is heavily wounded.
You feel sick. The ogre hits you with a +0 giant club!
* * * LOW HITPOINT WARNING * * *
You are too injured to fight recklessly!
You are too injured to fight recklessly!
You are too injured to fight recklessly!
You are too injured to fight recklessly!
You are too injured to fight recklessly!
You are too injured to fight recklessly!
You are too injured to fight recklessly!
You are too injured to fight recklessly!
You are too injured to fight recklessly!
You are too injured to fight recklessly!
You are too injured to fight recklessly!
You are too injured to fight recklessly!
You are too injured to fight recklessly!
You are too injured to fight recklessly!
You are too injured to fight recklessly!
You are too injured to fight recklessly!
You completely miss the ogre.
The ogre is heavily wounded.
The ogre hits you with a +0 giant club!
* * * LOW HITPOINT WARNING * * *
You scratch the ogre.
The ogre is severely wounded.
* * * LOW HITPOINT WARNING * * *
You feel sick.
Aiming: Line Pass
Press: ? - help, Dir - move target The ogre appears confused.
* * * LOW HITPOINT WARNING * * *
You feel sick.
The ogre hits you with a +0 giant club!!
You die...

#### .#
...# .
..## .
#.#####
#.
#.@...#
#.#
##O###.#
#.###.##
###...##
#.....#
#.###.#
# #<#
#.# #.#


You could see an ogre (confused).

Vanquished Creatures
  A hornet (D:7)
  Grinder (D:3)
  An ogre (D:5)
  A centaur (D:5)
  A scorpion (D:5)
  A howler monkey (D:4)
  Crazy Yiuf (D:3)
  2 hounds
  An orc priest (D:6)
  2 iguanas
  Ijyb (D:5)
  Natasha (thrice) (D:3)
  An orc wizard (D:5)
  Robin (D:3)
  6 gnolls
  4 adders
  A shadow imp (D:6)
  2 worms
  2 dart slugs
  12 orcs
  10 ball pythons
  7 endoplasms
  5 giant cockroaches
  19 goblins
  16 hobgoblins
  3 jackals (D:2)
  6 quokkas
  3 bats
  3 frilled lizards (D:3)
  8 kobolds
  11 rats
136 creatures vanquished.

Vanquished Creatures (others)
  27 plants (D:2)
27 creatures vanquished.

Grand Total: 163 creatures vanquished

Notes
Turn   | Place    | Note
-------+----------+-------------------------------------------
     0 | D:1      | Alarkh the Demonspawn Artificer began the quest for the
                  | Orb.
     0 | D:1      | Reached XP level 1. HP: 15/15 MP: 1/1
   103 | D:1      | Reached skill level 2 in Fighting
   249 | D:1      | Gained mutation: You have sharp fingernails. [demonic
                  | ancestry]
   249 | D:1      | Reached XP level 2. HP: 6/22 MP: 2/2
   692 | D:1      | Reached skill level 1 in Unarmed Combat
   794 | D:1      | Found Hovy's Antique Weapon Boutique.
   877 | D:1      | Gained mutation: You have very sharp fingernails. [demonic
                  | ancestry]
   877 | D:1      | Reached XP level 3. HP: 28/28 MP: 3/3
  1060 | D:2      | Identified the +0 hand axe "Orb Guardian's Death" {drain,
                  | rF- Int+5}
  1128 | D:2      | Reached XP level 4. HP: 24/34 MP: 4/4
  1144 | D:2      | Reached skill level 3 in Fighting
  1186 | D:2      | Found a burning altar of Makhleb.
  1877 | D:3      | Found Qathruor's Jewellery Shoppe.
  1883 | D:3      | Noticed Grinder
  1889 | D:3      | Killed Grinder
  1890 | D:3      | Reached XP level 5. HP: 42/42 MP: 5/5
  1890 | D:3      | Reached XP level 6. HP: 48/48 MP: 6/6
  1919 | D:3      | Found a hide-covered altar of Uskayaw.
  1920 | D:3      | Found a shimmering altar of Xom.
  1922 | D:3      | Became a worshipper of Uskayaw the Reveller
  1971 | D:3      | Reached * piety under Uskayaw
  2113 | D:3      | Found Poypilue's Weapon Shoppe.
  2113 | D:3      | Noticed a +0 giant club
  2113 | D:3      | Noticed a +0 triple sword
  2141 | D:3      | Found a radiant altar of Vehumet.
  2182 | D:3      | Identified the +2 pair of gloves of Bitterness {rPois
                  | Int+2}
  2183 | D:3      | Noticed Robin
  2200 | D:3      | Reached skill level 4 in Fighting
  2231 | D:3      | Reached ** piety under Uskayaw
  2237 | D:3      | Killed Robin
  2239 | D:3      | Reached *** piety under Uskayaw
  2386 | D:3      | Found a runed translucent door.
  2387 | D:3      | Noticed Crazy Yiuf
  2425 | D:3      | Noticed Natasha
  2432 | D:3      | Killed Natasha
  2533 | D:3      | Reached **** piety under Uskayaw
  2556 | D:3      | Noticed Natasha
  2564 | D:3      | Killed Natasha
  2608 | D:3      | Noticed Natasha
  2613 | D:3      | Killed Natasha
  2745 | D:3      | Gained mutation: You are weak. (Str -2) [potion of
                  | mutation]
  2745 | D:3      | Gained mutation: You possess an exceptional clarity of
                  | mind. [potion of mutation]
  2751 | D:3      | Killed Crazy Yiuf
  2903 | D:4      | Found Xilostrodd's Distillery.
  2911 | D:4      | Bought a potion of heal wounds for 55 gold pieces
  2951 | D:4      | Reached skill level 5 in Fighting
  3002 | D:4      | Reached XP level 7. HP: 53/56 MP: 7/7
  3136 | D:4      | Found an ornate altar of the Wu Jian Council.
  3398 | D:5      | Entered Level 5 of the Dungeon
  3500 | D:5      | Reached skill level 6 in Fighting
  3626 | D:5      | Found a staircase to the Ecumenical Temple.
  3696 | Temple   | Entered the Ecumenical Temple
  3906 | D:5      | Found a snail-covered altar of Cheibriados.
  4225 | D:5      | Noticed Ijyb
  4235 | D:5      | Killed Ijyb
  4236 | D:5      | Reached skill level 7 in Fighting
  5472 | D:6      | Found Kimaxemn's Distillery.
  5875 | D:7      | Noticed a hornet
  5880 | D:7      | Paralysed by a hornet for 2 turns
  5882 | D:7      | Killed a hornet
  5883 | D:7      | Reached skill level 8 in Fighting
  5883 | D:7      | Gained mutation: You regenerate magic rapidly. [demonic
                  | ancestry]
  5883 | D:7      | Reached XP level 8. HP: 46/68 MP: 8/8
  5889 | D:7      | HP: 3/69 [ogre/+0 giant club (17)]
  5891 | D:7      | Annihilated by an ogre

Illustrated notes

Levels and vault maps discovered:
D:1:      amcnicky_arrival_choice, layout_loops_cross, serial_shops, shop,
          kennysheep_boxes
D:2:      wad_woods_stonehenge, layout_basic, minmay_tetromino_l2
D:3:      layout_basic, lemuel_doored_altar, nicolae_overflow_squiral,
          serial_shops, nicolae_shop_mannequins, shop, uniq_robin,
          uniq_crazy_yiuf_cottage, uniq_grinder, uniq_natasha
D:4:      layout_cave_pools, nzn_wu_jian_council_hall, serial_shops, shop,
          minmay_goblin_outpost
D:5:      layout_layer_cave, zin_academy, cheibriados_altar_1,
          minmay_temple_entry_mini_moons, uniq_ijyb
D:6:      layout_cave_pools, serial_shops, shop, minmay_misc_feat_columns
D:7:      lemuel_ice_statue, layout_loops_ring, mainiacjoe_overflow_catwalk,
          fedhas_bush_and_centaur_altar
Temple:   nicolae_temple_bog_church

Skill      XL: |  1  2  3  4  5  6  7 |
---------------+----------------------+-----
Fighting       | 2 3 5 8 |  8.3
Unarmed Combat | 1 2 4 |  4.5
Armour         | |  1.7
Dodging        | |  0.8
Stealth        | |  0.8
Evocations     | |  3.0

Action                     |  1- 3 |  4- 6 |  7- 9 || total
---------------------------+-------+-------+-------++-------
  Melee: Club              |   100 |       |       ||   100
         Punch             |     5 |     8 |     3 ||    16
         Unarmed           |    65 |   192 |   125 ||   382
 Invoke: Line Pass         |       |       |     1 ||     1
  Evoke: Wand              |     2 |    21 |     5 ||    28
    Use: Scroll            |       |     3 |     5 ||     8
         Potion            |       |     3 |       ||     3
   Stab: Paralysed         |       |     3 |     3 ||     6
         Sleeping          |       |     2 |       ||     2
         Distracted        |       |     1 |       ||     1
 Armour: Leather armour    |    69 |    55 |    24 ||   148
  Dodge: Dodged            |   126 |   112 |    70 ||   308
